 Dungeon Crawl Stone Soup version 0.23.2-40-g277498a001 (webtiles) character file.

Game seed: 9136457516403691053

118 H0rd4k the Charlatan (level 5, 0/37 HPs)
             Began as a Human Artificer on Sept 4, 2019.
             Succumbed to a gnoll's poison
             ... on level 2 of the Dungeon.
             The game lasted 00:03:49 (3739 turns).

H0rd4k the Charlatan (Human Artificer)              Turns: 3739, Time: 00:03:50

Health: 0/37       AC:  3    Str: 14    XL:     5   Next: 23%
Magic:  7/7        EV: 12    Int: 11    God:
Gold:   85         SH:  0    Dex: 13    Spells: 4/4 levels left

rFire    . . .     SeeInvis .   a - +0 short sword
rCold    . . .     Gourm    .   (no shield)
rNeg     . . .     Faith    .   b - +0 leather armour
rPois    .         Spirit   .   (no helmet)
rElec    .         Reflect  .   (no cloak)
rCorr    .         Harm     .   (no gloves)
MR       .....                  (no boots)
Stlth    +.........             (no amulet)
HPRegen  0.12/turn              (no ring)
MPRegen  0.10/turn              (no ring)

@: lethally poisoned (0 -> -17)
A: no striking features
a: no special abilities


You were on level 2 of the Dungeon.
You were not hungry.

You visited 1 branch of the dungeon, and saw 3 of its levels.

You collected 85 gold pieces.

Inventory:

Hand Weapons
 a - a +0 short sword (weapon)
Armour
 b - a +0 leather armour (worn)
Wands
 c - a wand of flame (10)
 d - a wand of enslavement (15)
 e - a wand of random effects (12)
Scrolls
 g - a scroll of remove curse {unknown}
 h - 4 scrolls of identify {unknown}
 l - a scroll of enchant weapon {unknown}
Potions
 i - a potion of flight {unknown}
 j - a potion of curing {unknown}
 k - a potion of might {unknown}
 m - 2 potions of cancellation {unknown}
 n - a potion of invisibility {unknown}
Comestibles
 f - 4 rations


   Skills:
 + Level 1.5 Fighting
 + Level 2.2 Short Blades
 + Level 2.0 Armour
 + Level 2.8 Dodging
 + Level 1.0 Stealth
 + Level 3.7 Evocations


You had 4 spell levels left.
You didn't know any spells.
Your spell library was empty.

Dungeon Overview and Level Annotations

Branches:
Dungeon (3/15)

Altars:

Annotations:
D:2 exclusion: downstairs
D:3 Grinder, Terence


Message History

The orc closely misses you.
The gnoll hits you from afar with a +0 halberd of venom!
You are lethally poisoned!
You feel very sick.
* * * LOW HITPOINT WARNING * * *
You feel sick.
The gnoll hits you from afar with a +0 halberd of venom.
* * * LOW HITPOINT WARNING * * *
* * * LOW HITPOINT WARNING * * *
You feel sick.
You see here a bat corpse.
* * * LOW HITPOINT WARNING * * *
You feel sick.
There is a stone staircase leading up, spattered with blood here.
You see here 2 stones.
* * * LOW HITPOINT WARNING * * *
You feel sick.
You climb upwards.
Level annotation: exclusion: downstairs You die...

# #.........##############..#####
# #........<.....................
# #.........#############(#....#.
# #...............)..(.......#.#.
# #.....)........########.#....#.
# #..[......>....# #.#....#. #
##'#######.....# #.#....#.
####.#######....รท# #.#....#.
........).....<.@# #.#....#.
###########......# #.#...[#.
.....# #......# #.#....#. ####.#
####.#############.#....#.
...#.###.....).................#.
...#..##+##'#############.#.#..#.
.............# #.#.#..#.
.............# #.#.#.##.
.............# #########.....##.


There were no monsters in sight!

Vanquished Creatures
  Robin (D:3)
  A gnoll (D:1)
  2 adders (D:2)
  A worm (D:2)
  A dart slug (D:1)
  A leopard gecko (D:1)
  An orc (D:3)
  2 ball pythons
  4 giant cockroaches
  8 hobgoblins
  6 jackals
  A quokka (D:2)
  8 bats
  4 frilled lizards
  13 goblins
  5 kobolds
  A quokka skeleton (D:2)
  13 rats
73 creatures vanquished.

Notes
Turn   | Place    | Note
-------+----------+-------------------------------------------
     0 | D:1      | H0rd4k the Human Artificer began the quest for the Orb.
     0 | D:1      | Reached XP level 1. HP: 15/15 MP: 3/3
   110 | D:1      | Reached XP level 2. HP: 3/21 MP: 4/4
   770 | D:1      | Reached XP level 3. HP: 16/26 MP: 5/5
   898 | D:1      | Reached skill level 1 in Armour
  1602 | D:2      | Reached XP level 4. HP: 15/32 MP: 6/6
  2271 | D:2      | Found a faded altar of an unknown god.
  2726 | D:3      | Noticed Grinder
  2772 | D:3      | Noticed Robin
  3188 | D:2      | Reached XP level 5. HP: 18/37 MP: 7/7
  3369 | D:3      | Killed Robin
  3726 | D:3      | Noticed Terence
  3739 | D:2      | Succumbed to a gnoll's poison

Skill      XL: |  1  2  3  4  5 |
---------------+----------------+-----
Armour         | 1 2 |  2.0
Short Blades   | 2 |  2.2
Fighting       | |  1.5
Dodging        | |  2.8
Stealth        | |  1.0
Evocations     | |  3.7

Action                   |  1- 3 |  4- 6 || total
-------------------------+-------+-------++-------
Melee: Short sword       |   173 |   180 ||   353
Evoke: Wand              |     2 |     6 ||     8
  Eat: Chunk             |     2 |     7 ||     9
Armor: Leather armour    |    37 |    65 ||   102
Dodge: Dodged            |   133 |   162 ||   295
